← All builds
Air / Cortex / Economy first / OBSERVED BUILD

Standard air

Cortex Air build order · Supreme Isthmus

The role's baseline: Aircraft Plant immediately, transports and scouts for the team first, Advanced Metal Extractor and Fusion Reactor on a normal timeline, transitioning into Valiant fighter coverage over the game.

Usually transports first (72%)

#eco #team support #air · 583 distinct matches · 119 players · 79% of Cortex Air games · team won 47% of 655 · Recently observed

HOW TO PLAY IT

Key timing: Aircraft Plant by 1:23

  1. Take 3 mex and open straight into Aircraft Plant.
  2. Finish Aircraft Plant, start pumping Valiant for escort duty.
  3. Get T2 constructor going to scale eco alongside air production.
  4. Add Advanced Metal Extractor to keep pace with team's economy.
  5. Bring Fusion Reactor online, keep making Hercules and Finch for allies.

Phase by phase

TYPICAL OF ITS 583 GAMES
  1. 1
  2. 2
  3. 3
PLAY THE OPENING

Follow the example game's first 6:00 step by step: what to build now, what comes next, and where it goes. At 1× it keeps pace with your own game.

  1. 1

    Up to the Aircraft Plant

    Economy
    • Metal Extractor3Mex
    • Wind Turbine4Wind
    Order
    1. Aircraft PlantAircraft Plant after 3 mex, 4 winddone ~1:24, middle half 1:13–1:35

    Some games also: energy storage (39%)

    By 1:03 in all: 3 mex · 4 wind

    The example game in this phase · 5 steps
    1. Mex ×3
    2. Wind ×5
    3. Energy storage
    4. Wind
    5. Aircraft PlantAircraft Plantdone 1:37 · typical 1:24
  2. 2

    Aircraft Plant to 5:00

    Economy
    • Metal Extractor1Mex
    • Wind Turbine9Wind
    • Wind Turbine3Wind
    Builders
    • Construction Turret2 Con turret
    • Construction Aircraft1 Con aircraft
    Army
    • Valiant5 Valiant
    • Finch2 Finch for allies
    • Hercules2 Light transport for allies
    • Hephaestus1 Heavy transport for allies
    • Shuriken1 Shuriken

    Some games also: energy storage (45%) · light transport (44%) · converter (39%) · con turret (33%)

    By 5:00 in all: 3 mex · 1 mex · 13 wind · 3 wind · 1 energy storage · 2 con turret

    The example game in this phase · 26 steps
    1. FinchFinchfor Geo sea
    2. HerculesLight transportfor Geo sea
    3. FinchFinchfor Beach sea
    4. HephaestusHeavy transport
    5. ValiantValiant
    6. HephaestusHeavy transportfor Beach sea
    7. HerculesLight transport ×2
    8. FinchFinch
    9. ValiantValiant
    10. Mex
    11. ValiantValiant
    12. Wind ×2
    13. ValiantValiant
    14. Wind ×3
    15. FinchFinch
    16. Wind ×2
    17. ValiantValiant
    18. Con turret
    19. ValiantValiant
    20. HerculesLight transportfor Tech
    21. Con turret
    22. ValiantValiant
    23. HerculesLight transportfor Geo
    24. ValiantValiant
    25. HephaestusHeavy transportfor Pond
    26. Con turret
  3. 3

    5:00 to 10:00

    Economy
    • Wind Turbine20Wind
    • Wind Turbine4Wind
    • Energy Converter6Converter
    Order
    1. Aircraft PlantAircraft Plant after 18 wind, 17 wind, 6 converterin 57% of games
    Builders
    • Construction Turret4 Con turret
    Army
    • Valiant9 Valiant
    • Shuriken1 Shuriken

    Some games also: con aircraft (35%) · fusion (34%) · light transport (31%)

    By 10:00 in all: 3 mex · 1 mex · 24 wind · 20 wind · 8 converter · 1 energy storage

    The example game in this phase · 136 steps
    1. ValiantValiant ×2
    2. HerculesLight transport
    3. Wind
    4. ShurikenShuriken ×2
    5. Wind
    6. ShurikenShuriken
    7. Wind ×7
    8. Converter
    9. Wind
    10. Advanced Metal ExtractorT2 mexdone 6:21 · typical 6:48
    11. Converter
    12. Advanced Metal ExtractorT2 mex ×2
    13. Con turret ×2
    14. Advanced Metal ExtractorT2 mex
    15. Aircraft PlantAircraft Plantdone 7:48
    16. Construction AircraftCon aircraft
    17. Con turret ×2
    18. Fusion ReactorFusiondone 9:02 · typical 10:55
    19. Con turret
    20. Aircraft PlantAircraft Plantdone 9:18
    21. ValiantValiant ×3
    22. Converter
    23. ValiantValiant
    24. Con turret ×2
    25. ValiantValiant
    26. Converter
    27. ValiantValiant
    28. Construction AircraftCon aircraft
    29. ValiantValiant ×2
    30. Converter
    31. ValiantValiant ×4
    32. Converter
    33. ValiantValiant ×4
    34. Converter
    35. ValiantValiant ×2
    36. ShurikenShuriken ×3
    37. Converter
    38. ShurikenShuriken ×7
    39. ValiantValiant
    40. Converter
    41. ValiantValiant ×5
    42. Converter
    43. Con turret ×2
    44. ValiantValiant ×2
    45. Converter
    46. ValiantValiant
    47. ShurikenShuriken ×5
    48. ValiantValiant ×2
    49. Converter
    50. ValiantValiant ×3
    51. Con turret ×2
    52. ValiantValiant
    53. Converter
    54. ValiantValiant ×5
    55. Converter
    56. ValiantValiant ×5
    57. Fusion ReactorFusion
    58. Converter
    59. ValiantValiant
    60. Aircraft PlantAircraft Plantdone 13:01
    61. ValiantValiant
    62. Converter ×2
    63. ValiantValiant
    64. Converter
    65. ValiantValiant
    66. Converter ×2
    67. ValiantValiant
    68. Converter
    69. Construction AircraftCon aircraft
    70. FinchFinch ×2
    71. Construction AircraftCon aircraft
    72. Converter
    73. FinchFinch
    74. Construction AircraftCon aircraft
    75. FinchFinch
    76. Con turret
    77. Construction AircraftCon aircraft
    78. FinchFinch
    79. Construction AircraftCon aircraft
    80. Converter
    81. FinchFinch ×3
    82. Con turret
    83. FinchFinch ×2
    84. ValiantValiant
    85. Converter
    86. ValiantValiant ×6
    87. Converter
    88. ValiantValiant
    89. Wind
    90. ValiantValiant ×3
    91. Con turret
    92. ValiantValiant
    93. Converter
    94. ValiantValiant ×4
    95. Wind
    96. ValiantValiant
    97. ShurikenShuriken
    98. Converter
    99. ShurikenShuriken ×2
    100. Wind
    101. ShurikenShuriken ×5
    102. Wind
    103. ShurikenShuriken
    104. Con turret
    105. Converter
    106. ShurikenShuriken ×2
    107. Wind
    108. ShurikenShuriken ×3
    109. Wind
    110. Con turret
    111. ShurikenShuriken
    112. Converter
    113. Con turret
    114. ValiantValiant
    115. Wind
    116. Con turret
    117. ValiantValiant
    118. Wind
    119. Con turret
    120. Converter
    121. ValiantValiant
    122. Con turret
    123. Wind
    124. ValiantValiant
    125. Converter
    126. ValiantValiant
    127. Con turret
    128. ValiantValiant
    129. Wind
    130. ValiantValiant ×3
    131. Wind
    132. ValiantValiant
    133. Con turret
    134. Wind
    135. Converter
    136. ValiantValiant

Counts are medians over the build's games: half of them build more, half fewer. The example game is EpicTyrannus's (42 OS, 02/10/2026); pick another.

Team trades

IN AT LEAST 30% OF ITS GAMES

You hand over

  • Finch2 Finch to Geo sea or Beach seafirst at 1:51 · in 96% of games
  • Hercules3 Light transport to Tech or Geo sea or Beach seafirst at 2:06 · in 99% of games
  • Hephaestus1 Heavy transport to Beach sea or Pond or Techfirst at 2:25 · in 75% of games

You get

  • Wind Turbine3 Wind from Beach sea or Geo seafirst at 1:39 · in 65% of games
  • Wind Turbine3 Wind from Beach sea or Geo sea or Pondfirst at 1:44 · in 49% of games
  • Construction Bot1 Con bot from Techfirst at 2:20 · in 85% of games
  • Advanced Construction Bot1 T2 con bot from Techfirst at 6:03 · in 94% of games

How it plays out

Typical game of this build, running totals by minute

Metal produced

010k20k30k
0:005:0010:0015:00

metal

Enemy metal destroyed

01k2k3k
0:005:0010:0015:00

metal

Own metal lost

01k2k3k
0:005:0010:0015:00

metal

655 games.

Show as table
ByMetal produced: This buildEnemy metal destroyed: This buildOwn metal lost: This build
1:0039300
2:0092500
3:00145900
4:002055051
5:00276673116
6:003769125167
7:005146190219
8:007021226290
9:009346260342
10:0011817328467
11:0014409438638
12:0017109605950
13:00199519421277
14:002267214281816
15:002558320892709
WHAT THE NUMBERS SAY

This is the role's standard support job, winning less than half its games while producing little combat impact but reliably feeding transports and scouts to teammates.

  • + Reaches Aircraft Plant almost immediately (1:23), fast T2 constructor by 5:58.
  • + Keeps own losses low (2789 by 15:00) versus other roles.
  • − Destroys only 2027 enemy metal by 15:00, minimal combat contribution.
  • − Fusion Reactor only completes in 57% of games, some games stall on eco.
THE EXAMPLE YOU ARE READING

EpicTyrannus

42.4 OS · 02/10/2026

Open source match ↗

7 received units · includes a constructor
85 metal received · 195405 energy received

Allied construction assistance is unknown. Timings are observations, not a promise of solo reproducibility.

Typical milestones

Aircraft Plant1:24Middle 50%: 1:13–1:35 · n=655
Advanced Metal Extractor6:48Middle 50%: 6:21–7:25 · n=629
Fusion Reactor10:55Middle 50%: 9:56–12:17 · n=401

Played most by

DRM38games of this buildAdeus33games of this buildTheGeneraI32games of this buildNutzz28games of this buildImmort27games of this build